Zazza, neutral female human Tourist ----- |[).-# -------------- |)).|# |......F.....| |)).|# |............| |)..|# |............| -----# |....#..@B.... # --------f----- # # # ### # # # #### # ------|--------- ###|..............| #...............| |..........<...| |..............| ---------------- Zazza the Rambler Experience level: 2 Strength: 13 Dexterity: 10 Constitution: 17 Intelligence: 12 Wisdom: 9 Charisma: 14 Health: 0(16) Energy: 4(4) Def: 4 Gold: 691 Moves: 1553 Dungeon seed: a_rHNa6FgwL_mvW_ Game ID: Zazza_1597959339 Your Inventory: Coins $ - 691 gold pieces Weapons a - 34 +2 darts (in quiver) m - a cursed -2 orcish dagger (weapon in hand) G - a +0 elven dagger Armor n - an uncursed +0 Hawaiian shirt (being worn) r - a blessed +0 orcish helm (being worn) y - a blessed +0 cloak of protection (being worn) z - an uncursed +0 cloak of invisibility Comestibles b - 7 uncursed food rations c - 2 uncursed pancakes d - 3 uncursed tripe rations p - 2 uncursed candy bars Scrolls f - 2 uncursed scrolls of magic mapping Spellbooks j - an uncursed spellbook of haste self Potions e - 2 uncursed potions of extra healing i - a cursed potion of hallucination t - an uncursed potion of water u - an uncursed potion of gain energy A - an uncursed potion of booze Wands C - a wand of striking (0:6) Tools g - an expensive camera (0:97) h - an uncursed credit card Gems q - an uncursed jet stone Spells and supernatural/magical abilities: Name Level Category Fail Memory H - haste self 3 escape 100% 93% W - pray for help -- divine ? -- Your skills at the end: Fighting Skills Weapon Skills dart [Basic] Spellcasting Skills Final Attributes: You were aligned. You were protected. You are dead. Vanquished creatures: a hobbit 2 large kobolds 2 giant rats 2 yellow molds a green mold a gnome zombie 3 geckos a goblin 3 sewer rats 4 grid bugs 5 lichens 3 newts 28 creatures vanquished. Voluntary challenges: You followed a strict vegan diet. You used a wielded weapon 4 times, starting on turn 558. You read items or engraved 10 times, starting on turn 6. You never genocided any monsters. You never polymorphed an object. You never changed form. You used no wishes. You never split a pudding. You never wrote Elbereth's name. You never violated your personal moral code. Dungeon overview: The Dungeons of Doom: levels 1 to 4 Level 1 some fountains a long staircase Level 2 a fountain a long staircase Level 3 a general store Level 4 <- You were here a weapon shop, a sink History has recorded: On T:1 you entered the Dungeons of Doom to retrieve the Amulet of Yendor! On T:352 you reached level 2 of The Dungeons of Doom. On T:612 you reached level 3 of The Dungeons of Doom. On T:1316 you advanced to experience level 2. On T:1467 you reached level 4 of The Dungeons of Doom. Score breakdown: Gold: 502 ( 9189 points) Experience: 2 levels ( 5570 points) Exploration: 4 levels ( 7.84%) ( 7348 points) Discoveries: 3 items ( 1.01%) ( 3010 points) Valuables value: (no points given unless you survive) Artifact value: 0 ( 0 points) Variety of kills: 12 monsters ( 3.15%) ( 5324 points) Turncount: 1553 turns ( 0 points) Survival: died (score multiplied by 80%) Total score: 24352 Latest messages: You see here a knife (5 zorkmids). You stop. Armand is in the way! You see here a long sword (20 zorkmids). Armand picks up a long sword. You stop. Armand is in the way! The door resists! The door opens. You displace Armand. The large kobold hits! You stop. Armand is in the way! You displace Armand. Armand bites the large kobold. The large kobold reads a scroll labeled TEMOV! (You can name a scroll labeled TEMOV from the item naming menu.) Armand bites the large kobold. (2x) The large kobold is killed! The giant bat bites! Armand bites the gecko. The gecko is killed! The giant bat bites! You displace Armand. The giant bat bites! (2x) You die... Final status: Aloha Zazza the Tourist, killed by a giant bat... You died in The Dungeons of Doom on dungeon level 4 with 24352 points, and 691 pieces of gold, after 1553 moves. You were level 2 with a maximum of 16 hit points when you died.